 Dungeon Crawl Stone Soup version 0.18.1-6-gd335043 (webtiles) character file.

833296 M4edhros the Convoker (level 27, -1/203 HPs)
             Began as a Mummy Conjurer on May 15, 2016.
             Was the Champion of Dithmenos.
             Killed by divine providence
             ... invoked by a daeva
              (17 damage)
             ... in Pandemonium on May 16, 2016.
             The game lasted 08:16:52 (132364 turns).

M4edhros the Convoker (Mummy Conjurer)            Turns: 132364, Time: 08:16:52

Health: -1/203     AC: 20    Str: 14    XL:     27
Magic:  8/54       EV: 24    Int: 29    God:    Dithmenos [******]
Gold:   4607       SH: 23    Dex: 19    Spells: 11 memorised, 2 levels left

rFire  . . .     SeeInvis +     b - staff of energy
rCold  + . .     Gourm    .     X - +3 salamander hide armour {+Rage rF++}
rNeg   + + +     Faith    .     k - +4 large shield {reflect}
rPois  ∞         Spirit   .     E - +3 crown of Dyrovepreva {rElec Int+2 SInv}
rElec  +         Dismiss  .     F - +0 cloak of Hureni {Regen+}
rCorr  .         Reflect  +     Q - +1 pair of gloves of Tuip {rF- MR+ Regen+ Str+4}
SustAt .         Harm     +     R - +5 pair of boots of Sif Muna's Approval {rPois MP+9 Str-5}
MR     ++++.                    O - amulet of harm
Stlth  +++.......               N - ring of wizardry
                                M - ring of Fesoag {Int+6 Dex+4}

@: deflect missiles, incredibly resistant to hostile enchantments, fairly
stealthy
A: no food or potions, fire vulnerability, cold resistance 1, negative energy
resistance 3, torment resistance, unbreathing, in touch with death 2, restore
body
a: Self-Restoration, Shadow Step, Shadow Form, Renounce Religion
}: 4/15 runes: decaying, serpentine, silver, demonic


You were in Pandemonium.
You worshipped Dithmenos.
Dithmenos was exalted by your worship.
You were not hungry.

You visited 13 branches of the dungeon, and saw 58 of its levels.
You visited Pandemonium 4 times, and saw 14 of its levels.
You also visited: Labyrinth, Trove and Bailey.

You collected 8613 gold pieces.
You spent 4006 gold pieces at shops.

Inventory:

Hand Weapons
 a - the +3 Staff of Olgreb {rPois}
   (You found it in a bailey)

   It protects you from poison.
 g - the +5 trident "Xetiwkuu" {elec, rN+ MR+ Int+4}
   (You took it off an orc knight on level 5 of the Vaults)

   Occasionally, upon striking a foe, it will discharge some electrical energy
   and cause terrible harm.
   It affects your intelligence (+4).
   It protects you from negative energy.
   It affects your resistance to hostile enchantments.
 I - a +0 blowgun
Missiles
 G - 26 curare-tipped needles
Armour
 j - a +2 large shield
 k - a +4 large shield of reflection (worn)
 E - the +3 crown of Dyrovepreva (worn) {rElec Int+2 SInv}
   (You found it in a bailey)

   It affects your intelligence (+2).
   It insulates you from electricity.
   It lets you see invisible.
 F - the +0 cloak of Hureni (worn) {Regen+}
   (You found it on level 3 of the Elven Halls)

   It increases your rate of regeneration.
 Q - the +1 pair of gloves of Tuip (worn) {rF- MR+ Regen+ Str+4}
   (You acquired it on level 12 of the Dungeon)

   It affects your strength (+4).
   It makes you vulnerable to fire.
   It affects your resistance to hostile enchantments.
   It increases your rate of regeneration.
 R - the +5 pair of boots of Sif Muna's Approval (worn) {rPois MP+9 Str-5}
   (You found it in a treasure trove)

   It affects your strength (-5).
   It protects you from poison.
   It affects your magic capacity (+9).
 X - the +3 salamander hide armour (worn) {+Rage rF++}
   (You took it off a deep elf sorcerer on level 3 of the Elven Halls)

   It greatly protects you from fire.
   It lets you go berserk.
 Z - the +0 pair of gloves "Onefeucweso" {rPois Regen+}
   (You found it on level 1 of the Elven Halls)

   It protects you from poison.
   It increases your rate of regeneration.
Magical Staves
 b - an uncursed staff of energy (weapon)
 p - an uncursed staff of power
Rods
 u - a +4 rod of shadows (10/10)
   (You took it off a deep elf mage on level 5 of the Vaults)
Jewellery
 l - an uncursed ring of protection from cold
 r - the ring "Wore" {+Blink rN+ MP+9 Str+6 Dex+2}
   (You found it in Pandemonium)

   [ring of dexterity]

   It affects your strength (+6).
   It affects your dexterity (+2).
   It protects you from negative energy.
   It affects your magic capacity (+9).
   It lets you blink.
 v - the amulet of Yendor {Regen+ Stlth+}
   (You found it on level 3 of the Crypt)

   [amulet of regeneration]

   It increases your rate of regeneration.
   It makes you more stealthy.
 A - an uncursed ring of flight
 L - the ring "Hounurra" {Fire Str+7 Int-2 Dex+2}
   (You found it on level 4 of the Depths)

   [ring of fire]

   It enhances your fire magic, and weakens your ice magic.
   It affects your strength (+7).
   It affects your intelligence (-2).
   It affects your dexterity (+2).
   It protects you from fire.
   It makes you vulnerable to cold.
 M - the ring of Fesoag (left hand) {Int+6 Dex+4}
   (You found it on level 4 of the Snake Pit)

   [ring of dexterity]

   It affects your intelligence (+6).
   It affects your dexterity (+4).
 N - a ring of wizardry (right hand)
 O - an amulet of harm (around neck)
Wands
 e - a wand of acid (2/15)
 h - a wand of disintegration (6/24)
 m - a wand of digging (8/24)
 x - a wand of heal wounds (5/9)
 Y - a wand of teleportation (9/9)
Scrolls
 c - a scroll of identify
 f - 3 scrolls of recharging
 i - 9 scrolls of fog
 o - 3 scrolls of summoning
 s - 9 scrolls of fear
 z - 6 scrolls of vulnerability
 T - a scroll of teleportation
 W - 10 scrolls of magic mapping
Books
 q - the Reference Book on Congealing Necromancy
   (You found it in Pandemonium)

   Spells                             Type                      Level
   a - Freeze                         Ice                          1
   b - Animate Skeleton               Necromancy                   1
   c - Ozocubu's Armour               Charms/Ice                   3
   d - Dispel Undead                  Necromancy                   5
   e - Death Channel                  Necromancy                   6
Miscellaneous
 d - the horn of Geryon
 n - a crystal ball of energy
 t - a sack of spiders {used: 9}
 w - a legendary deck of summoning {Foxfire}
 C - a phial of floods
 H - a disc of storms
 P - a fan of gales (inert)
 S - a phantom mirror
 U - a legendary deck of defence {the Shadow}


   Skills:
 - Level 13.7 Fighting
   Level 9.6 Short Blades
 - Level 10.4 Armour
 - Level 16.2 Dodging
 - Level 6.2 Stealth
 + Level 15.8 Shields
 - Level 18.0 Spellcasting
 - Level 17.7 Conjurations
 - Level 10.0 Charms
 + Level 19.9 Summonings
 - Level 18.8 Necromancy
 - Level 10.5 Air Magic
 - Level 11.4 Poison Magic
 - Level 5.9 Invocations
 - Level 16.2 Evocations


You had 2 spell levels left.
You knew the following spells:

 Your Spells              Type           Power        Failure   Level  Hunger
a - Poison Arrow          Conj/Pois      #######...   1%          6    N/A
b - Monstrous Menagerie   Summ           #######...   1%          7    N/A
c - Orb of Destruction    Conj           #######...   1%          7    N/A
d - Iskenderun's Mystic   Conj           #######.     1%          4    N/A
e - Iskenderun's Battles  Conj/Chrm      #######.     1%          5    N/A
f - Haste                 Chrm           ######..     7%          6    N/A
g - Fulminant Prism       Conj/Hex       ######....   1%          4    N/A
h - Deflect Missiles      Chrm/Air       ######....   7%          6    N/A
i - Haunt                 Necr/Summ      ########..   1%          7    N/A
j - Control Undead        Necr           ########..   1%          4    N/A
l - Summon Lightning Spi  Summ/Air       #######.     1%          4    N/A

Dungeon Overview and Level Annotations

Branches:
Dungeon (15/15)            Temple (1/1) D:5            Lair (8/8) D:9
  Swamp (4/4) Lair:5        Snake (4/4) Lair:3        Slime (0/6) Lair:6
    Orc (2/2) D:12            Elf (3/3) Orc:2        Vaults (5/5) D:13
  Crypt (3/3) Vaults:2       Tomb (0/3) Crypt:3      Depths (5/5) D:15
   Hell (1/1)                 Dis (0/7) Hell            Geh (0/7) Hell
    Coc (0/7) Hell            Tar (2/7) Hell            Zot (5/5) Depths:5

Altars:
Ashenzari
Cheibriados
Dithmenos
Elyvilon
Fedhas
Gozag
Kikubaaqudgha
Makhleb
Nemelex Xobeh
Okawaru
Pakellas
Qazlal
Ru
Sif Muna
Trog
Vehumet
Xom
Yredelemnul
Zin
The Shining One
Jiyva

Shops:
D:4 (   D:12 :   Orc:2 *%[?   Snake:3 !   Vaults:1 ?   Vaults:2 =   Depths:2 *
Depths:5 ?(*[:

Portals:
Hell: Depths:1 Depths:2 Depths:3 Depths:4 Depths:5
Abyss: Depths:1 Depths:4 Depths:5
Pandemonium: Depths:3 Depths:5
Ziggurat: Depths:3


Innate Abilities, Weirdness & Mutations

You do not eat or drink.
Your flesh is vulnerable to fire.
You are immune to poison.
Your flesh is cold resistant.
You are immune to negative energy.
You are immune to unholy pain and torment.
You can survive without breathing.
You are strongly in touch with the powers of death.
You can restore your body by infusing magical energy.


Message History

* * * LOW HITPOINT WARNING * * *
You convulse!
* * * LOW HITPOINT WARNING * * *
You emit a cloud of dark smoke.
Read which item? (? for menu, Esc to quit)
Okay, then.
You can't drink.
Evoke which item? (* to show all) (? for menu, Esc to quit)
Okay, then.
The daeva calls down the wrath of Zin upon you.
Zin smites you!
* * * LOW HITPOINT WARNING * * *
You emit a cloud of dark smoke.
Evoke which item? (* to show all) (? for menu, Esc to quit)
A fierce wind blows from the fan.
Things that are here:
a whip of holy wrath; a robe The daeva calls down the wrath of Zin upon you.
Zin smites you!
You die...

###.. #####.... #####......#
####.........##.#
####......#........#
...........).########### #..
...###.....#)#.#§#§#§#.#.....
...####......'.§§§A§§§.'.#
....####...#.#.#@#§#§#.#.....
8....##......########### #.A
..........#........#
8...............##.#
.................#
8..........####.÷..
############ ..... ##### ....
...... ..##


You could see a daeva.

Vanquished Creatures
  8 pandemonium lords (Pan)
  An orb of fire (Zot:4)
  3 juggernauts
  4 ancient liches
  Sojobo (Depths:1)
  Boris (twice) (Vaults:4 Vaults:5)
  The ghost of namelastname112 the Metallomancer, a veteran DrIE of Vehumet (Depths:4)
  Saint Roka (Snake:3)
  A Killer Klown (Zot:3)
  7 curse toes
  Geryon (Hell)
  18 golden dragons
  3 Tzitzimimeh
  Xtahua (Vaults:5)
  6 bone dragons
  Nikola (Depths:2)
  4 doom hounds
  3 electric golems
  9 Brimstone Fiends (Pan)
  2 hellephants
  Jorgrun (Vaults:3)
  A Hell Sentinel (Pan)
  25 tentacled monstrosities
  6 Ice Fiends (Pan)
  5 liches
  6 Orb Guardians (Zot:5)
  A deep elf blademaster (Elf:2)
  4 titans (Vaults:5)
  2 quicksilver dragons (Depths:5)
  A deep elf master archer (Elf:3)
  Murray (Depths:1)
  A quicksilver dragon (shapeshifter) (Depths:3)
  14 shadow dragons
  8 death cobs
  11 Executioners (Pan)
  A storm dragon (shapeshifter) (Depths:3)
  3 thorn hunters
  12 storm dragons
  An ancient champion (Crypt:2)
  6 sphinxes
  2 draconian monks
  9 tengu reavers
  2 revenants
  6 daevas (Pan)
  Donald (Swamp:1)
  9 deep elf sorcerers
  7 fire giants
  6 greater nagas (Snake:4)
  A ghost moth (shapeshifter) (Depths:3)
  2 draconian knights
  4 ghost moths
  9 frost giants
  4 draconian zealots (Zot:2)
  23 vault wardens
  6 warmongers (Pan)
  Aizul (Snake:1)
  7 cacodemons
  10 balrugs (Pan)
  10 angels (Pan)
  6 ghouls
  4 draconian scorchers
  4 iron dragons
  16 very ugly things
  A curse skull (Crypt:1)
  5 deep elf elementalists
  A spriggan defender (Depths:4)
  3 draconian annihilators
  23 ironheart preservers
  3 draconian callers (Zot:2)
  9 blood saints (Pan)
  12 reapers
  6 war gargoyles
  16 stone giants
  9 apis (Pan)
  7 green draconians
  2 ophanim (Pan)
  17 vampire knights
  5 red draconians
  2 black draconians
  5 deep elf demonologists
  4 deep elf annihilators (Elf:3)
  5 lorocyprocas (Pan)
  4 salamander stormcallers
  4 mottled draconians
  A spark wasp (shapeshifter) (Vaults:5)
  5 chaos champions (Pan)
  2 grey draconians (Depths:5)
  13 corrupters (Pan)
  4 purple draconians
  5 yellow draconians
  4 spark wasps
  7 black suns (Pan)
  2 white draconians
  6 eidola
  3 merfolk javelineers
  31 vault guards
  4 deep elf death magi
  14 blizzard demons
  11 green deaths (Pan)
  4 deep elf high priests (Elf:3)
  A minotaur (Lab)
  11 ettins
  23 fire dragons
  13 crystal guardians
  2 entropy weavers
  19 yaktaur captains
  5 jiangshi
  2 merfolk impalers
  A quicksilver dragon skeleton (Crypt:2)
  5 rakshasas
  5 great orbs of eyes
  16 naga warriors
  A ghost crab (Tar:1)
  26 hydras
  16 ice dragons
  3 hell beasts (Pan)
  4 catoblepae
  10 monstrous demonspawn (Pan)
  Harold (D:11)
  7 centaur warriors
  9 anacondas
  21 death yaks
  50 dancing weapons
  21 ogre magi
  3 alligators
  9 deep troll shamans
  8 tengu warriors
  11 hell hogs
  10 deep troll earth magi
  17 naga sharpshooters
  Urug (Orc:1)
  2 orc high priests
  7 vampire magi
  7 shock serpents
  Sonja (D:11)
  An iron giant zombie (Depths:1)
  A titan zombie (Crypt:3)
  33 soul eaters
  A shock serpent (shapeshifter) (Depths:3)
  63 sun demons
  27 hell knights
  5 small abominations
  5 iron trolls
  22 deep elf knights
  4 wizards
  5 salamander mystics
  2 fire crabs
  A deep troll (shapeshifter) (Depths:3)
  27 shadow demons
  A storm dragon skeleton (Hell)
  4 shadow wraiths
  2 death drakes (shapeshifter)
  6 flayed ghosts
  61 skeletal warriors
  9 torturous demonspawn (Pan)
  2 spriggan druids (Swamp:4)
  5 unseen horrors
  7 giant orange brains
  A swamp dragon (shapeshifter) (Depths:3)
  17 deep elf archers
  3 anaconda zombies
  3 cherubim (Pan)
  13 swamp dragons
  A sea snake (shapeshifter) (Depths:3)
  12 infernal demonspawn (Pan)
  6 putrid demonspawn (Pan)
  37 deep trolls
  A death drake (Tar:1)
  11 gelid demonspawn (Pan)
  10 naga ritualists
  15 phantasmal warriors
  An orange crystal statue (Depths:3)
  7 hill giants
  3 obsidian statues (Depths:3)
  2 lindwurms (Swamp:4)
  Pikel (D:8)
  19 necromancers
  A shambling mangrove (Swamp:2)
  A wolf spider zombie (Crypt:1)
  2 anaconda skeletons (Hell)
  17 orc knights
  2 harpies (Elf:1)
  A sphinx zombie (Crypt:2)
  2 golden dragon skeletons (Crypt:1)
  A hill giant (shapeshifter) (Depths:5)
  5 wolf spiders
  An orb spider (shapeshifter) (D:13)
  15 ironbrand convokers
  2 lindwurms (shapeshifter)
  A wolf spider (shapeshifter) (Depths:3)
  14 mana vipers
  A stone giant zombie (Tar:1)
  2 oklob plants (Lair:2)
  5 manticores (Elf:1)
  21 salamanders
  3 orc sorcerers
  8 cyclopes
  46 ugly things
  An iron dragon zombie (Tar:1)
  86 deep elf magi
  8 griffons
  A griffon (shapeshifter) (Depths:3)
  5 hornets
  A cyclops (shapeshifter) (Vaults:3)
  3 hornets (shapeshifter)
  A manticore (shapeshifter) (Vaults:5)
  A fire giant zombie (Crypt:3)
  An iron dragon skeleton (Hell)
  17 sixfirhies (Pan)
  29 moths of wrath
  2 fire giant skeletons (Crypt:3)
  An apis skeleton (Crypt:1)
  50 black mambas
  A frost giant skeleton (Crypt:1)
  4 centaur zombies (D:12)
  A guardian serpent (shapeshifter) (Depths:3)
  Maurice (D:12)
  A stone giant skeleton (Depths:2)
  28 naga magi
  12 vault sentinels
  17 orange demons
  4 rust devils
  19 spiny frogs
  2 ice statues (Hell)
  A dire elephant zombie (Crypt:3)
  A toenail golem (Pan)
  4 molten gargoyles
  3 guardian serpents
  66 smoke demons
  Psyche (D:9)
  3 gargoyles
  A shock serpent skeleton (Crypt:3)
  3 torpor snails
  5 kobold demonologists
  2 emperor scorpion zombies (Crypt:3)
  61 yaktaurs
  21 hellions
  A dire elephant skeleton (Hell)
  4 rime drakes
  An efreet (D:15)
  A yaktaur zombie (Depths:1)
  9 komodo dragons
  12 tormentors
  6 freezing wraiths
  7 ice devils
  13 hellwings (Pan)
  38 demonic crawlers
  A golden dragon simulacrum (Crypt:1)
  12 trolls
  A jumping spider (shapeshifter) (Depths:1)
  A black draconian skeleton (Crypt:3)
  A ghost moth simulacrum (Hell)
  2 steam dragons
  6 tengu conjurers
  2 queen bees (shapeshifter)
  A troll (shapeshifter) (Depths:3)
  2 jumping spiders (Depths:5)
  2 polar bears
  2 tengu simulacra (Depths:1)
  9 giant leeches
  4 hydra zombies
  19 red devils
  A shadow dragon simulacrum (Depths:2)
  36 two-headed ogres
  2 raiju (shapeshifter)
  A spriggan zombie (Depths:2)
  A harpy skeleton (Tar:2)
  8 bog bodies
  A fire dragon zombie (Depths:1)
  A two-headed ogre (shapeshifter) (Vaults:4)
  29 slime creatures
  A boulder beetle (shapeshifter) (Vaults:5)
  27 blink frogs
  A snapping turtle (shapeshifter) (Vaults:5)
  2 ettin zombies
  7 boulder beetles
  An alligator zombie (Crypt:3)
  40 flying skulls
  13 redbacks
  A black mamba zombie (Crypt:1)
  A frost giant simulacrum (Crypt:1)
  A tarantella (shapeshifter) (Depths:3)
  7 air elementals
  A centaur simulacrum (D:15)
  A fire dragon skeleton (Tar:2)
  An alligator skeleton (Hell)
  34 ynoxinuls (Pan)
  A redback (shapeshifter) (Depths:3)
  33 water elementals
  3 wraiths
  2 ice dragon skeletons
  5 shadows
  2 ettin skeletons
  A tarantella (Depths:1)
  9 wyverns
  49 yaks
  A basilisk (Lair:2)
  A golden eye (shapeshifter) (Depths:5)
  35 large abominations
  11 fire elementals
  A hog (shapeshifter) (D:14)
  A black mamba skeleton (Tar:1)
  16 hippogriffs
  5 hungry ghosts
  14 neqoxecs (Pan)
  The ghost of ThereIsNoGod the Twirler, an amateur DsGl of Nemelex Xobeh (D:4)
  34 chaos spawn
  32 vampire mosquitoes
  3 wargs
  2 mottled dragons (Swamp:4)
  A swamp worm (shapeshifter) (D:15)
  A warg (shapeshifter) (Vaults:5)
  A putrid demonspawn zombie (Crypt:2)
  7 insubstantial wisps
  47 nagas
  A soldier ant (D:13)
  20 swamp worms
  18 water moccasins
  24 hell hounds
  19 porcupines
  A merfolk skeleton (Crypt:3)
  A giant eyeball (shapeshifter) (Depths:3)
  A manticore zombie (Crypt:1)
  A slave (D:8)
  8 ice beasts
  A black bear (Lair:7)
  An ettin simulacrum (Crypt:1)
  35 orc warriors
  A snapping turtle zombie (Crypt:3)
  9 swamp drakes
  5 sky beasts
  A wasp (shapeshifter) (Depths:3)
  2 spiny frog skeletons (Hell)
  3 wasps (Swamp:2)
  86 ogres
  3 boggarts
  An ogre (shapeshifter) (Depths:3)
  8 phantoms
  7 necrophages
  26 centaurs
  18 wolves
  A snapping turtle skeleton (Tar:2)
  A rime drake zombie (Crypt:2)
  12 crocodiles
  9 big kobolds
  22 giant frogs
  A rime drake skeleton (Crypt:1)
  12 earth elementals
  A yaktaur skeleton (Depths:1)
  2 gnoll sergeants
  A dryad skeleton (Crypt:2)
  An elf skeleton (Crypt:1)
  A spiny frog simulacrum (Hell)
  4 scorpions
  A tengu zombie (Depths:1)
  A scorpion (shapeshifter) (Depths:2)
  7 killer bees
  A warg skeleton (Crypt:2)
  15 wights
  A troll zombie (Crypt:3)
  A polar bear skeleton (Crypt:1)
  A snapping turtle simulacrum (Hell)
  An electric eel (Lair:7)
  3 howler monkeys
  A vampire bat (D:12)
  11 crimson imps
  5 lava snakes
  2 quasits
  A wasp zombie (D:12)
  A giant frog zombie (D:11)
  9 jellies
  6 hounds
  Crazy Yiuf (D:2)
  22 orc priests
  6 centaur skeletons
  A giant frog skeleton (D:12)
  A gnoll shaman (D:8)
  A human skeleton (Crypt:2)
  8 iguanas
  Ijyb (D:2)
  37 orc wizards
  6 hell rats
  9 worker ants
  Terence (D:2)
  A hell rat (shapeshifter) (Vaults:5)
  A killer bee zombie (D:8)
  A porcupine skeleton (Crypt:2)
  10 sheep
  A tengu skeleton (Hell)
  5 hound skeletons
  A hell rat skeleton (Crypt:1)
  12 gnolls
  2 howler monkey skeletons
  12 adders
  58 river rats
  8 shadow imps
  A white imp (Hell)
  An ooze (D:3)
  An adder skeleton (D:6)
  An adder zombie (D:9)
  2 worms
  5 ball lightnings (Depths:3)
  4 dart slugs
  3 giant geckos
  88 orcs
  5 giant cockroaches
  A gnoll zombie (Crypt:2)
  6 goblins
  6 hobgoblins
  12 jackals
  4 quokkas
  5 ball pythons
  A ball python skeleton (D:4)
  14 bats
  3 giant newts
  A jackal skeleton (D:4)
  21 kobolds
  A quokka skeleton (D:7)
  A quokka zombie (D:9)
  3 rats
  A fulminant prism (Pan)
  A fungus (Lair:7)
  7 lost souls
  2 plants
3559 creatures vanquished.

Vanquished Creatures (collateral kills)
  Mennas (Pan)
  A pandemonium lord (Pan)
  A golden dragon (Vaults:5)
  A pearl dragon (Pan)
  3 bone dragons (Hell)
  A doom hound (Hell)
  3 Tzitzimimeh (Tar:1)
  An Orb Guardian (Zot:5)
  Gastronok (Lair:3)
  2 Executioners (Pan)
  A sphinx (Vaults:5)
  2 death cobs
  4 shadow dragons
  2 daevas (Pan)
  Wiglaf (Vaults:5)
  A corrupter (Pan)
  An angel (Pan)
  2 warmongers (Pan)
  A cacodemon (Pan)
  A deep elf elementalist (Vaults:5)
  2 reapers (Hell)
  A war gargoyle (Vaults:5)
  2 apis (Pan)
  The ghost of HungrySpirit the Bludgeoner, a journeyman OgAM of Ru (Lab)
  A lorocyproca (Pan)
  A vampire knight (Tar:1)
  2 vault guards (Vaults:5)
  A yaktaur captain (Vaults:5)
  An anaconda (Snake:2)
  2 death yaks (Lair:8)
  3 soul eaters (Pan)
  A sun demon (Pan)
  3 skeletal warriors (Tar:1)
  2 hell knights (Hell)
  2 gelid demonspawn (Pan)
  An infernal demonspawn (Pan)
  A death drake (Tar:1)
  An anaconda zombie (Tar:1)
  5 shadow demons
  A torturous demonspawn (Pan)
  A wolf spider zombie (Crypt:1)
  A necromancer (Hell)
  A fire giant zombie (Tar:1)
  An ugly thing (D:13)
  2 deep elf magi (Vaults:4)
  A mana viper (Snake:2)
  A black mamba (Lair:3)
  An orange demon (Pan)
  4 tormentors
  An ice devil (Tar:1)
  3 demonic crawlers (Pan)
  2 hydra zombies
  A red devil (Pan)
  3 two-headed ogres (Vaults:4)
  An ice dragon zombie (Tar:1)
  A boulder beetle (Vaults:5)
  An ettin zombie (Tar:1)
  3 flying skulls (Tar:1)
  A black mamba zombie (Tar:1)
  A shadow (Tar:2)
  A wraith (Vaults:1)
  A ynoxinul (Pan)
  2 chaos spawn (Pan)
  A vampire mosquito (Swamp:4)
  A neqoxec (Pan)
  A hell hound (Tar:1)
  A manticore zombie (Crypt:1)
  An orc warrior (Bailey)
  An eye of draining (D:12)
  2 large abominations (Pan)
  A necrophage (Tar:1)
  An ogre (Vaults:5)
  A centaur (D:12)
  A giant frog (D:12)
  An orc wizard (D:12)
  A shadow imp (Tar:1)
  6 orcs
120 creatures vanquished.

Vanquished Creatures (others)
  A war gargoyle (Depths:3)
  A vampire knight (Depths:5)
  A fire dragon (D:9)
  A vault guard (Vaults:5)
  An ogre mage (Orc:2)
  A dancing weapon (Crypt:3)
  7 hell hogs
  A shadow wraith (Vaults:5)
  A necromancer (Depths:1)
  A hornet (Swamp:4)
  A moth of wrath (Zot:4)
  A sixfirhy (Pan)
  A centaur (D:12)
  An alligator zombie (Hell)
  3 flying skulls (Tar:1)
  A yak (D:11)
  An air elemental (Depths:3)
  A steam dragon (Swamp:4)
  A chaos spawn (Pan)
  A water moccasin (Lair:8)
  A giant eyeball (shapeshifter) (Depths:3)
  5 swamp drakes (Swamp:4)
  3 slaves (D:8)
  4 orc warriors
  A black bear (D:8)
  An ogre (Orc:2)
  A boggart (Depths:1)
  An orc wizard (D:13)
  5 ball lightnings (Depths:3)
  An orc (D:8)
  109 eldritch tentacle segments (Tar:1)
  65 fulminant prisms
  17 fungi
  A lost soul (Crypt:3)
  16 plants
259 creatures vanquished.

Grand Total: 3938 creatures vanquished

Notes
Turn   | Place    | Note
--------------------------------------------------------------
     0 | D:1      | M4edhros the Mummy Conjurer began the quest for the Orb.
     0 | D:1      | Reached XP level 1. HP: 13/13 MP: 3/3
   191 | D:1      | Reached XP level 2. HP: 15/19 MP: 0/5
   944 | D:1      | Reached XP level 3. HP: 24/24 MP: 6/6
  1149 | D:2      | Noticed Ijyb
  1169 | D:1      | Learned a level 2 spell: Searing Ray
  1194 | D:2      | Killed Ijyb
  1277 | D:2      | Noticed Terence
  1289 | D:2      | Killed Terence
  1289 | D:2      | Reached XP level 4. HP: 16/30 MP: 2/7
  1710 | D:2      | Reached skill level 5 in Conjurations
  1751 | D:2      | Noticed Crazy Yiuf
  1755 | D:2      | Killed Crazy Yiuf
  1939 | D:3      | Found a faded altar to an unknown god.
  2096 | D:4      | Reached XP level 5. HP: 35/35 MP: 8/8
  2252 | D:4      | Noticed ThereIsNoGod's ghost (amateur DsGl)
  2263 | D:5      | Entered Level 5 of the Dungeon
  2460 | D:5      | Found a stormy altar of Qazlal.
  2598 | D:5      | Learned a level 5 spell: Iskenderun's Battlesphere
  2721 | D:5      | Reached XP level 6. HP: 39/41 MP: 6/9
  2926 | D:5      | Found a glowing silver altar of Zin.
  3452 | D:4      | Found Henaurch's Weapon Boutique.
  3766 | D:5      | Found a staircase to the Ecumenical Temple.
  3781 | Temple   | Entered the Ecumenical Temple
  3785 | Temple   | Became a worshipper of Dithmenos the Shadowed
  3833 | D:4      | Killed ThereIsNoGod's ghost
  3833 | D:4      | Reached XP level 7. HP: 37/46 MP: 5/10
  4802 | D:6      | Reached skill level 1 in Charms
  5091 | D:6      | Got a smoking ring mail
  5092 | D:6      | Identified the +5 ring mail of Weightlessness {-Cast rC+++ Dex+3} (You found it on level 6 of the Dungeon)
  5111 | D:6      | Reached XP level 8. HP: 48/52 MP: 5/11
  5481 | D:6      | Reached * piety under Dithmenos
  6206 | D:7      | Reached skill level 5 in Dodging
  6468 | D:7      | Reached XP level 9. HP: 42/57 MP: 5/12
  6772 | D:7      | Found a white marble altar of Elyvilon.
  6814 | D:8      | Noticed Pikel
  6831 | D:8      | Killed Pikel
  7391 | D:8      | Reached skill level 5 in Charms
  7778 | D:8      | Reached ** piety under Dithmenos
  8553 | D:8      | Found a blossoming altar of Fedhas.
  8884 | D:8      | Reached XP level 10. HP: 63/63 MP: 12/13
  9355 | D:9      | Found a staircase to the Lair.
  9608 | D:9      | Reached *** piety under Dithmenos
 10053 | D:9      | Found a stormy altar of Qazlal.
 10097 | D:9      | Found an oddly glowing altar of Pakellas.
 10097 | D:9      | Noticed a fire dragon
 10128 | D:9      | Killed a fire dragon
 10313 | D:9      | Noticed Psyche
 10319 | D:9      | Killed Psyche
 10425 | D:10     | Entered Level 10 of the Dungeon
 10681 | D:10     | Found a flagged portal.
 10700 | Bailey   | Entered a bailey
 11312 | Bailey   | Noticed an orc knight
 11340 | Bailey   | Killed an orc knight
 11526 | Bailey   | Got a polished plate armour
 11527 | Bailey   | Identified the cursed +1 plate armour of Irusenk {*Contam rF++ Stlth+} (You found it in a bailey)
 11550 | Bailey   | Noticed an orc knight
 11551 | Bailey   | staff of olgreb, nice!
 11565 | Bailey   | Killed an orc knight
 11850 | D:10     | Reached skill level 10 in Conjurations
 11899 | D:10     | Reached XP level 11. HP: 57/68 MP: 9/14
 12419 | D:10     | Reached skill level 1 in Evocations
 12426 | D:10     | Reached **** piety under Dithmenos
 13066 | D:10     | Learned a level 3 spell: Mephitic Cloud
 13095 | D:10     | Learned a level 1 spell: Sting
 13236 | D:11     | Noticed a hill giant
 13262 | D:11     | Killed a hill giant
 13720 | D:11     | Noticed a hill giant
 13802 | D:11     | Killed a hill giant
 13901 | D:11     | Noticed Harold
 13907 | D:11     | Killed Harold
 13912 | D:11     | Noticed Sonja
 14086 | D:11     | Killed Sonja
 14803 | D:12     | Found a staircase to the Orcish Mines.
 14830 | D:12     | Found Ruongaes's Book Shoppe.
 14840 | D:12     | You fall through a shaft!
 14855 | D:13     | Noticed a sun demon
 14870 | D:13     | Noticed a purple ugly thing
 14895 | D:13     | fuck this...
 14895 | D:13     | just in front of labirynth i fell down into level with ice cave
 14895 | D:13     | now i will probably not get to labi, and loose ice
 14953 | D:12     | Reached ***** piety under Dithmenos
 14964 | D:12     | Found a labyrinth entrance.
 14974 | Lab      | Entered a labyrinth
 14975 | Lab      | i managed to get labi, wasting some summoning cards
 15383 | Lab      | Noticed HungrySpirit's ghost (journeyman OgAM)
 15400 | Lab      | Killed HungrySpirit's ghost
 15618 | Lab      | Noticed a minotaur
 15640 | Lab      | Killed a minotaur
 15640 | Lab      | Reached skill level 5 in Evocations
 15640 | Lab      | Reached XP level 12. HP: 74/74 MP: 12/15
 15658 | Lab      | Got a bloodstained whip
 15676 | Lab      | Learned a level 3 spell: Dazzling Spray
 15811 | D:12     | Identified the +7 whip of Luanelism {slash, *Contam rPois MP+9 Str+7} (You found it in a labyrinth)
 16098 | D:12     | Noticed Maurice
 16110 | D:12     | Killed Maurice
 16137 | D:12     | Identified a scroll of acquirement
 16139 | D:12     | Got a pair of fine gloves
 16154 | D:12     | Identified the +1 pair of gloves of Tuip {rF- MR+ Regen+ Str+4} (You acquired it on level 12 of the Dungeon)
 16158 | D:12     | damn it, hard gloves...
 16158 | D:12     | but tempting
 16158 | D:12     | --fire ;/
 16748 | D:13     | Noticed a centaur warrior
 16970 | Lair:1   | Entered Level 1 of the Lair of Beasts
 17328 | Lair:1   | Noticed a four-headed hydra
 17416 | Lair:1   | Killed a four-headed hydra
 17416 | Lair:1   | Reached skill level 1 in Fighting
 18105 | Lair:2   | Noticed a five-headed hydra
 18155 | Lair:2   | Killed a five-headed hydra
 19398 | Lair:2   | Reached skill level 1 in Shields
 19517 | Lair:2   | Noticed a seven-headed hydra
 19526 | Lair:2   | Killed a seven-headed hydra
 19530 | Lair:2   | Gained mutation: You are in touch with the powers of death. [Mummy growth]
 19530 | Lair:2   | Gained mutation: You can restore your body by infusing magical energy. [Mummy growth]
 19530 | Lair:2   | Reached XP level 13. HP: 86/86 MP: 15/19
 19821 | D:7      | Learned a level 4 spell: Fulminant Prism
 20152 | Lair:3   | Noticed Gastronok
 20159 | Lair:3   | Killed Gastronok
 20321 | Lair:3   | Found a staircase to the Snake Pit.
 20749 | Lair:3   | Got a twisted scale mail
 21259 | Lair:4   | Found a shadowy altar of Dithmenos.
 21923 | Lair:5   | lol, have 2 reg on mummy. fun
 21923 | Lair:5   | also, 47 mana
 21923 | Lair:5   | whip, 2 rings.
 21931 | Lair:5   | Identified the +0 scale mail of the Orb Guardian {rN+} (You found it on level 3 of the Lair of Beasts)
 21958 | Lair:5   | Reached skill level 5 in Spellcasting
 22036 | Lair:5   | Found a staircase to the Swamp.
 22951 | Lair:6   | Found a viscous altar of Jiyva.
 22951 | Lair:6   | Found a staircase to the Slime Pits.
 22973 | Lair:6   | Reached ****** piety under Dithmenos
 23116 | Lair:6   | Reached skill level 5 in Fighting
 24083 | Lair:7   | Reached XP level 14. HP: 64/98 MP: 20/23
 24414 | Lair:8   | Entered Level 8 of the Lair of Beasts
 25278 | Lair:8   | Got an encrusted leather armour
 25279 | Lair:8   | Identified the cursed +0 leather armour of the Snake Pit {+Fly MR+ Str-4 Slay+4} (You found it on level 8 of the Lair of Beasts)
 25645 | Lair:8   | Reached skill level 10 in Evocations
 25664 | Lair:8   | Reached skill level 5 in Shields
 26905 | Lair:5   | Learned a level 4 spell: Iskenderun's Mystic Blast
 26914 | Lair:5   | Learned a level 6 spell: Deflect Missiles
 27113 | Orc:1    | Entered Level 1 of the Orcish Mines
 27269 | Orc:2    | Entered Level 2 of the Orcish Mines
 27377 | Orc:2    | Reached skill level 1 in Air Magic
 27446 | Orc:2    | Found a staircase to the Elven Halls.
 27466 | Orc:2    | Reached XP level 15. HP: 93/108 MP: 26/26
 27542 | Orc:2    | Found Ytium's Magic Scroll Emporium.
 27542 | Orc:2    | Found Xyneqoi's Armour Boutique.
 27543 | Orc:2    | Found Dosode Bogyk's Food Boutique.
 27543 | Orc:2    | Found Lyegec's Assorted Antiques.
 27579 | Orc:2    | Bought a scroll of identify for 28 gold pieces
 27579 | Orc:2    | Bought a scroll of identify for 28 gold pieces
 27579 | Orc:2    | Bought a scroll of identify for 28 gold pieces
 27579 | Orc:2    | Bought a scroll of blinking for 105 gold pieces
 27579 | Orc:2    | Bought a scroll of identify for 28 gold pieces
 27579 | Orc:2    | Bought a scroll of identify for 28 gold pieces
 27579 | Orc:2    | Bought a scroll of identify for 28 gold pieces
 28364 | Orc:1    | Noticed Urug
 28373 | Orc:1    | Killed Urug
 29254 | D:13     | Found a gate to the Vaults.
 29368 | D:13     | Reached skill level 5 in Air Magic
 30125 | D:14     | Got a faintly glowing great mace
 30175 | D:14     | Reached skill level 1 in Invocations
 30473 | D:15     | Entered Level 15 of the Dungeon
 30514 | D:15     | Identified the cursed +1 great mace of Nemelex Xobeh's Esteem {venom, rC+ Int+5 Dex-4 SInv} (You found it on level 14 of the Dungeon)
 30830 | D:15     | Found a portal to a secret trove of treasure.
 30965 | D:12     | Bought a book of the Dragon for 1260 gold pieces
 31461 | D:15     | You paid a toll of a book of the Dragon to enter a treasure trove
 31462 | Trove    | Entered a treasure trove
 31476 | Trove    | Got a blackened cloak
 31478 | Trove    | Got a faintly humming cloak
 31480 | Trove    | Got a smoking ring mail
 31484 | Trove    | Got a pair of shimmering boots
 31486 | Trove    | Got an ancient large shield
 31491 | Trove    | Got a pair of crude gloves
 31493 | Trove    | Got a pair of scorched boots
 31496 | Trove    | Got a bronze ice dragon armour
 31498 | Trove    | Got a faintly glowing cloak
 31559 | D:15     | Identified the +2 cloak of Nobility {rF- Regen+ MP-9 SInv} (You found it in a treasure trove)
 31569 | D:15     | Identified the +1 cloak of Aprinunn {rN+} (You found it in a treasure trove)
 31586 | D:15     | Identified the +2 large shield of Ruatacs {rPois MR- Int+4 Dex+2} (You found it in a treasure trove)
 31599 | D:15     | Identified the +3 cloak of Untold Secrets {rElec Str+3 Int-4 Slay+2} (You found it in a treasure trove)
 31617 | D:15     | Identified the +5 pair of boots of Sif Muna's Approval {rPois MP+9 Str-5} (You found it in a treasure trove)
 31674 | D:15     | Identified the +0 pair of gloves "Ystymamp" {*Corrode +Blink rPois rN+++} (You found it in a treasure trove)
 31693 | D:15     | Identified the +0 pair of boots of the Merchant {rC+ Str+3 Int-2 Stlth+} (You found it in a treasure trove)
 31739 | D:15     | Identified the +4 ring mail "Odghuic" {rPois MR- Str+4} (You found it in a treasure trove)
 31753 | D:15     | Identified the +1 ice dragon armour of the Lair of Beasts {rPois rF- rC++ rN++ MR- MP+9} (You found it in a treasure trove)
 31892 | D:15     | Found a staircase to the Depths.
 32055 | D:15     | Found a shattered altar of Ashenzari.
 32580 | Swamp:1  | Entered Level 1 of the Swamp
 32618 | Swamp:1  | Noticed Donald
 32626 | Swamp:1  | Killed Donald
 32626 | Swamp:1  | Reached XP level 16. HP: 115/115 MP: 16/27
 32634 | Swamp:1  | Got a bloodstained spear
 33239 | D:9      | Identified the +4 spear "Reodunen" {flame, rElec rC++ MP+9 Dex-4} (You found it on level 1 of the Swamp)
 34815 | Swamp:3  | Learned a level 2 spell: Repel Missiles
 34824 | Swamp:3  | Noticed a thorn hunter
 34827 | Swamp:3  | Noticed a thorn hunter
 34828 | Swamp:3  | Killed a thorn hunter
 34836 | Swamp:3  | Killed a thorn hunter
 34868 | Swamp:4  | Entered Level 4 of the Swamp
 37411 | Swamp:4  | Got a decaying rune of Zot
 37825 | Swamp:4  | Got a crude chain mail
 37977 | Swamp:4  | Noticed a thorn hunter
 37985 | Swamp:4  | Killed a thorn hunter
 38401 | Snake:1  | Entered Level 1 of the Snake Pit
 38644 | Snake:1  | Reached skill level 10 in Shields
 38878 | Snake:1  | Identified the +5 chain mail of the New World {+Inv rC- Slay+2} (You found it on level 4 of the Swamp)
 39185 | Snake:1  | Found a shadowy altar of Dithmenos.
 39204 | Snake:1  | Reached XP level 17. HP: 119/119 MP: 28/28
 39488 | Snake:1  | Noticed Aizul
 39543 | Snake:1  | Killed Aizul
 41183 | Snake:3  | Noticed Saint Roka
 41312 | Snake:3  | Killed Saint Roka
 41582 | Snake:3  | Found Ezacw's Distillery.
 43436 | Snake:4  | Entered Level 4 of the Snake Pit
 44340 | Snake:4  | Got a fine bone ring
 44376 | Snake:4  | Reached XP level 18. HP: 127/127 MP: 9/29
 44861 | D:12     | Bought a book of Necromancy for 420 gold pieces
 45153 | Snake:4  | Identified the ring of Fesoag {Int+6 Dex+4} (You found it on level 4 of the Snake Pit)
 47016 | Snake:4  | Reached skill level 10 in Spellcasting
 47318 | Snake:4  | Got a serpentine rune of Zot
 47440 | Snake:4  | Reached skill level 1 in Poison Magic
 47590 | Lair:2   | Learned a level 6 spell: Poisonous Cloud
 48649 | Elf:1    | Entered Level 1 of the Elven Halls
 50487 | Elf:1    | Got a pair of faintly glowing gloves
 50488 | Elf:1    | Identified the cursed +0 pair of gloves "Onefeucweso" {rPois Regen+} (You found it on level 1 of the Elven Halls)
 50763 | Elf:1    | Reached XP level 19. HP: 129/129 MP: 33/33
 51144 | Elf:2    | Got an ancient ring mail
 51145 | Elf:2    | Identified the +1 ring mail of Summer {MR- Str+3} (You found it on level 2 of the Elven Halls)
 51359 | Elf:2    | Reached skill level 5 in Poison Magic
 51724 | Elf:2    | Found a huge runed gate.
 51724 | Elf:2    | Found a huge runed gate.
 51724 | Elf:2    | Found a huge runed gate.
 51724 | Elf:2    | Found a huge runed gate.
 51724 | Elf:2    | Found a huge runed gate.
 52891 | Elf:2    | Reached skill level 15 in Shields
 53212 | Elf:3    | Entered Level 3 of the Elven Halls
 53384 | Elf:3    | Reached skill level 10 in Air Magic
 54845 | Elf:3    | found salamander hide, its pretty nice armour with no casting penalty 2fire res
 55191 | Elf:3    | Reached XP level 20. HP: 139/139 MP: 20/34
 55702 | Elf:3    | Identified Zeyga's Almanac of Damage Dealing and the Mountains
 55705 | Elf:3    | Got a heavily runed cloak
 55706 | Elf:3    | Identified the +0 cloak of Hureni {Regen+} (You found it on level 3 of the Elven Halls)
 55970 | Elf:3    | Reached skill level 1 in Armour
 56150 | Vaults:1 | Entered Level 1 of the Vaults
 56226 | Vaults:1 | Learned a level 4 spell: Animate Dead
 58523 | Vaults:1 | Found Raocamm's Magic Scroll Boutique.
 58527 | Vaults:1 | Bought a scroll of identify for 30 gold pieces
 58527 | Vaults:1 | Bought a scroll of identify for 30 gold pieces
 58527 | Vaults:1 | Bought a scroll of identify for 30 gold pieces
 58527 | Vaults:1 | Bought a scroll of teleportation for 45 gold pieces
 58527 | Vaults:1 | Bought a scroll of torment for 112 gold pieces
 58527 | Vaults:1 | Bought a scroll of identify for 30 gold pieces
 58937 | Vaults:2 | Found Kameraup's Jewellery Emporium.
 58949 | Vaults:2 | Reached skill level 10 in Poison Magic
 58989 | Vaults:2 | Reached skill level 5 in Armour
 59296 | Vaults:2 | Found a staircase to the Crypt.
 59296 | Vaults:2 | Found a basalt altar of Yredelemnul.
 59297 | Vaults:2 | Found an ancient bone altar of Kikubaaqudgha.
 60436 | Vaults:2 | Reached XP level 21. HP: 144/144 MP: 27/36
 61241 | Vaults:3 | Learned a level 4 spell: Summon Lightning Spire
 61692 | Vaults:3 | Noticed Jorgrun
 61766 | Vaults:3 | Killed Jorgrun
 63484 | Vaults:4 | Noticed Boris
 63514 | Vaults:4 | Killed Boris
 64348 | Vaults:5 | Entered Level 5 of the Vaults
 64352 | Vaults:5 | Noticed Xtahua
 64354 | Vaults:5 | Noticed Boris
 64386 | Vaults:5 | Killed Boris
 64481 | Vaults:5 | Reached XP level 22. HP: 132/151 MP: 32/38
 64587 | Vaults:5 | Got a silver rune of Zot
 64663 | Vaults:5 | Killed Xtahua
 64838 | Vaults:5 | Noticed a golden dragon
 64841 | Vaults:5 | Noticed Wiglaf
 64853 | Vaults:5 | Killed Wiglaf
 64856 | Vaults:5 | Killed a golden dragon
 64876 | Vaults:5 | Noticed a golden dragon
 64929 | Vaults:5 | Killed a golden dragon
 65088 | Vaults:5 | Reached skill level 10 in Armour
 65434 | Vaults:5 | Noticed a golden dragon
 65464 | Vaults:5 | Killed a golden dragon
 65606 | Vaults:5 | Identified a +4 rod of shadows (10/10) (You took it off a deep elf mage on level 5 of the Vaults)
 65635 | Vaults:5 | Paralysed by a sphinx for 4 turns
 65647 | Vaults:5 | Got a scorched pewter ring
 65648 | Vaults:5 | Identified the ring of Afeaxay {*Tele MR+ Int+8 Dex-3} (You took it off a vault guard on level 5 of the Vaults)
 65664 | Vaults:5 | Got an ichor-stained scale mail
 65665 | Vaults:5 | Identified the +4 scale mail of Alloinec {rCorr Str+3} (You took it off a vault guard on level 5 of the Vaults)
 65667 | Vaults:5 | Noticed an ancient lich
 65734 | Vaults:5 | Got a sparkling silver ring
 65745 | Vaults:5 | Killed an ancient lich
 65784 | Vaults:5 | Reached skill level 1 in Summonings
 66040 | Vaults:5 | Got a pitted copper ring
 66048 | Vaults:5 | Identified the ring "Hamp" {MR+ SInv} (You took it off a yaktaur captain on level 5 of the Vaults)
 66290 | Vaults:5 | Reached skill level 2 in Summonings
 66428 | Vaults:5 | Identified the ring of Liberalism {rF+ Str+3} (You took it off a yaktaur on level 5 of the Vaults)
 66439 | Vaults:5 | Got a polished trident {elec}
 66441 | Vaults:5 | Identified the +5 trident "Xetiwkuu" {elec, rN+ MR+ Int+4} (You took it off an orc knight on level 5 of the Vaults)
 66492 | Vaults:5 | Reached skill level 5 in Invocations
 66568 | Vaults:5 | Noticed a golden dragon
 66574 | Vaults:5 | Killed a golden dragon
 66646 | Vaults:5 | Identified the Collected Works on Supportive Protection (You found it on level 5 of the Vaults)
 66885 | Vaults:5 | Reached XP level 23. HP: 103/158 MP: 6/40
 67229 | Vaults:5 | Learned a level 6 spell: Poison Arrow
 67313 | Vaults:5 | Reached skill level 15 in Evocations
 67633 | Vaults:5 | Reached skill level 3 in Summonings
 67659 | Vaults:5 | Reached skill level 15 in Conjurations
 69149 | Crypt:1  | Entered Level 1 of the Crypt
 71732 | Crypt:2  | Reached skill level 10 in Dodging
 72313 | Crypt:2  | Reached skill level 4 in Summonings
 73568 | Crypt:3  | Entered Level 3 of the Crypt
 74505 | Crypt:3  | Reached XP level 24. HP: 76/169 MP: 6/41
 74815 | Crypt:3  | Noticed an ancient lich
 74820 | Crypt:3  | Killed an ancient lich
 74820 | Crypt:3  | Reached skill level 5 in Summonings
 74958 | Crypt:3  | Found a basalt altar of Yredelemnul.
 74995 | Crypt:3  | Identified the Reference Book on Attacks and Envenoming (You found it on level 3 of the Crypt)
 75003 | Crypt:3  | Got a transparent wooden ring
 75004 | Crypt:3  | Identified the ring of Iloth {rPois rN+ Str+2} (You found it on level 3 of the Crypt)
 75011 | Crypt:3  | Got a twitching emerald amulet
 75012 | Crypt:3  | Identified the amulet of Yendor {Regen+ Stlth+} (You found it on level 3 of the Crypt)
 75016 | Crypt:3  | Got a twitching bone ring
 75018 | Crypt:3  | Identified the ring "Luxtiepn" {rN+ Str+2 Dex+3} (You found it on level 3 of the Crypt)
 76021 | Crypt:3  | Got a brightly glowing robe
 76032 | Crypt:3  | Identified the +1 robe of the Thirteen Blessings {rF+ rC++ Stlth+} (You found it on level 3 of the Crypt)
 76294 | Crypt:3  | Found a staircase to the Tomb.
 77139 | Depths:1 | Entered Level 1 of the Depths
 77301 | Depths:1 | Found a gateway to Hell.
 77306 | Depths:1 | Noticed Sojobo
 77329 | Depths:1 | Killed Sojobo
 78005 | D:12     | Bought a book of Enchantments for 700 gold pieces
 78012 | D:12     | Learned a level 6 spell: Haste
 78016 | D:12     | Bought a book of Power for 630 gold pieces
 78142 | Depths:1 | Reached skill level 10 in Fighting
 78142 | Depths:1 | Reached skill level 15 in Spellcasting
 78656 | Depths:1 | Reached skill level 6 in Summonings
 79288 | Depths:1 | Found a one-way gate to the infinite horrors of the Abyss.
 79890 | Depths:2 | Got a glittering lead ring
 79892 | Depths:2 | Identified the ring "Isyept Xelac" {*Corrode Str+4 Dex+3 Slay+4} (You found it on level 2 of the Depths)
 80335 | Depths:2 | Found Xioghali's Serpentskin Sales.
 80346 | Depths:2 | Bought 4 curare-tipped needles for 45 gold pieces
 80499 | Depths:2 | Noticed Nikola
 80502 | Depths:2 | Killed Nikola
 80695 | Depths:2 | Reached skill level 7 in Summonings
 80890 | Depths:2 | Found a runed door.
 80894 | Depths:2 | Found a runed door.
 81288 | Depths:2 | Reached XP level 25. HP: 179/179 MP: 17/42
 81987 | Depths:3 | Learned a level 7 spell: Orb of Destruction
 83582 | Depths:3 | Reached skill level 8 in Summonings
 84503 | Depths:3 | Got a crude silver amulet
 84550 | Depths:3 | Got a slimy tin amulet
 84786 | Depths:3 | Found a gateway to a ziggurat.
 84808 | Depths:3 | Found a one-way gate leading to the halls of Pandemonium.
 85186 | Depths:4 | Reached skill level 1 in Short Blades
 85227 | Depths:4 | Noticed namelastname112's ghost (veteran DrIE)
 85683 | Depths:3 | Identified the amulet "Qaxteale" {Reflect MP+9 Str+3 Int-4 SH+2} (You found it on level 3 of the Depths)
 85685 | Depths:3 | Identified the amulet of Midsummer {Gourm rN+ Slay+2} (You found it on level 3 of the Depths)
 86678 | Depths:4 | Killed namelastname112's ghost
 86882 | Depths:4 | Noticed a juggernaut
 86886 | Depths:4 | Killed a juggernaut
 87115 | Depths:4 | Reached skill level 9 in Summonings
 87695 | Depths:4 | Noticed a juggernaut
 87776 | Depths:4 | Killed a juggernaut
 87853 | Depths:4 | Got a glittering glass ring
 87913 | Depths:4 | Identified the ring "Hounurra" {Fire Str+7 Int-2 Dex+2} (You found it on level 4 of the Depths)
 88222 | Depths:5 | Entered Level 5 of the Depths
 88366 | Depths:5 | Reached skill level 5 in Short Blades
 88531 | Depths:5 | Noticed a juggernaut
 88534 | Depths:5 | Killed a juggernaut
 88696 | Depths:5 | Gained mutation: You are strongly in touch with the powers of death. [Mummy growth]
 88696 | Depths:5 | Reached XP level 26. HP: 149/187 MP: 23/43
 88712 | Depths:5 | Got a smoking tin ring
 88722 | Depths:5 | Found Xeeck's Magic Scroll Boutique.
 88732 | Depths:5 | Bought a scroll of identify for 22 gold pieces
 88732 | Depths:5 | Bought a scroll of identify for 22 gold pieces
 88732 | Depths:5 | Bought a scroll of teleportation for 33 gold pieces
 88732 | Depths:5 | Bought a scroll of identify for 22 gold pieces
 88732 | Depths:5 | Bought 2 scrolls of identify for 44 gold pieces
 88732 | Depths:5 | Bought a scroll of recharging for 104 gold pieces
 88732 | Depths:5 | Identified the cursed ring of Hospitality {MP+9 EV-4 Int+3} (You took it off a yaktaur on level 5 of the Depths)
 88760 | Depths:5 | Found a snail-covered altar of Cheibriados.
 88777 | Depths:5 | Found Roaxev's Antique Weapon Shop.
 89020 | Depths:5 | Reached skill level 10 in Summonings
 89072 | Depths:5 | Found Vineq's Assorted Antiques.
 89084 | Depths:5 | Found Tosereysh's Book Emporium.
 89084 | Depths:5 | Found Wutiry's Armour Emporium.
 89142 | Depths:5 | Reached skill level 1 in Necromancy
 89173 | Depths:5 | HP: 6/187 [hellephant (45)]
 90608 | Depths:5 | Found a gate to the Realm of Zot.
 90734 | Zot:1    | Entered Level 1 of the Realm of Zot
 93374 | Zot:2    | Reached skill level 11 in Summonings
 93720 | Zot:2    | Reached skill level 5 in Necromancy
 94238 | Zot:3    | Reached XP level 27. HP: 189/196 MP: 23/43
 96539 | Zot:4    | Reached skill level 12 in Summonings
 97086 | Zot:4    | Noticed an orb of fire
 97300 | Zot:4    | Noticed an orb of fire
 97818 | Zot:4    | Killed an orb of fire
 98444 | Zot:5    | Entered Level 5 of the Realm of Zot
 99048 | Zot:5    | Noticed an orb of fire
 99057 | Zot:5    | Noticed an ancient lich
 99064 | Zot:5    | Killed an ancient lich
 99326 | Zot:5    | Reached skill level 15 in Dodging
 99415 | Zot:5    | Noticed an ancient lich
 99420 | Zot:5    | Killed an ancient lich
 99760 | Zot:5    | Noticed an orb of fire
 99818 | Zot:5    | Noticed an ancient lich
100037 | Zot:2    | Reached skill level 13 in Summonings
100947 | Vaults:5 | Learned a level 7 spell: Monstrous Menagerie
102861 | Vaults:5 | Learned a level 7 spell: Haunt
103176 | Hell     | Entered the Vestibule of Hell
103176 | Hell     | Noticed Geryon
103182 | Hell     | Killed Geryon
103187 | Hell     | Noticed Murray
103756 | Depths:1 | Killed Murray
105494 | Hell     | Found a gateway to the decaying netherworld of Tartarus.
105525 | Hell     | Found a gateway to the ashen valley of Gehenna.
105603 | Hell     | Found a gateway to the Iron City of Dis.
105813 | Hell     | Found a gateway to the freezing wastes of Cocytus.
105943 | Tar:1    | Entered Level 1 of Tartarus
107148 | Hell     | Reached skill level 10 in Charms
107812 | Tar:1    | Reached skill level 10 in Necromancy
108130 | Tar:1    | i cant kill monsters approaching me, its pathetic
109136 | Orc:2    | Bought a scroll of enchant weapon for 105 gold pieces
109136 | Orc:2    | Bought a scroll of amnesia for 49 gold pieces
109445 | Vaults:5 | Learned a level 7 spell: Haunt
110284 | Hell     | Reached skill level 14 in Summonings
112234 | Pan      | Entered Pandemonium
112292 | Pan      | Noticed Vigod the pandemonium lord
112301 | Depths:3 | Escaped Pandemonium
112469 | Pan      | Entered Pandemonium
112586 | Pan      | Found an exit through the horrors of the Abyss.
112798 | Pan      | Noticed Cunal the pandemonium lord
112806 | Pan      | Killed Cunal the pandemonium lord
115077 | Pan      | Reached skill level 15 in Summonings
115206 | Pan      | Got a demonic rune of Zot
115211 | Pan      | Got a clouded tin ring
115212 | Pan      | Identified the ring "Wore" {+Blink rN+ MP+9 Str+6 Dex+2} (You found it in Pandemonium)
115215 | Pan      | Got an ancient scythe
115216 | Pan      | Identified the +8 scythe of the Shoals {flame, rElec MP-9 Str+5 Dex+3} (You found it in Pandemonium)
115828 | Pan      | Noticed Liath the pandemonium lord
115835 | Pan      | Killed Liath the pandemonium lord
116294 | Pan      | Found an exit through the horrors of the Abyss.
116709 | Pan      | Noticed Mennas
116733 | Pan      | Killed Mennas
117673 | Pan      | Reached skill level 15 in Necromancy
118086 | Pan      | Found an exit through the horrors of the Abyss.
118382 | Pan      | Noticed Junaub the pandemonium lord
118976 | Pan      | Killed Junaub the pandemonium lord
119411 | Pan      | Reached skill level 16 in Summonings
119755 | Pan      | Reached skill level 5 in Stealth
120326 | Pan      | Found an exit through the horrors of the Abyss.
121102 | Pan      | Found an exit through the horrors of the Abyss.
121398 | Pan      | Noticed Ekhlekef the pandemonium lord
121679 | Pan      | Killed Ekhlekef the pandemonium lord
122060 | Depths:3 | Escaped Pandemonium
122230 | Zot:2    | Got a fine trident
122956 | Vaults:3 | lol 78 mana
122956 | Vaults:3 | is that overkill
122956 | Vaults:3 | lol : ) how to make some use of that mana though... 13 arrows of poison
122959 | Vaults:3 | i would use dragon call, but wasted book for trove
122959 | Vaults:3 | and got nearly nothing from there (or salamander armor? it saved my game til now)
122959 | Vaults:3 | nah, got it from elven halls
122960 | Vaults:3 | 10 enhanced poison arrows, better than 13 not enhanced
123509 | Pan      | Entered Pandemonium
123539 | Pan      | Got an encrusted helmet
123540 | Pan      | Identified the cursed -3 helmet of Fortitude {*Contam Int+2 Slay+2} (You found it in Pandemonium)
124000 | Pan      | Noticed Alifyom the pandemonium lord
124063 | Pan      | Killed Alifyom the pandemonium lord
124969 | Pan      | Found an exit through the horrors of the Abyss.
125334 | Pan      | Found an exit through the horrors of the Abyss.
125445 | Pan      | Reached skill level 17 in Summonings
125734 | Pan      | Noticed Xoyxea the pandemonium lord
125757 | Pan      | Killed Xoyxea the pandemonium lord
126661 | Pan      | Got a warped platinum amulet
126665 | Pan      | Identified the amulet of Ogiwyvvo {Faith *Confuse rN++ Dex+2} (You found it in Pandemonium)
126794 | Pan      | Noticed Juzaneug the pandemonium lord
127156 | Pan      | Found an exit through the horrors of the Abyss.
127805 | Pan      | Killed Juzaneug the pandemonium lord
127885 | Pan      | Reached skill level 18 in Summonings
128164 | Pan      | Noticed Vexoodui the pandemonium lord
128274 | Pan      | Noticed Tiuwnyro the pandemonium lord
128446 | Pan      | Killed Tiuwnyro the pandemonium lord
128773 | Pan      | Found an exit through the horrors of the Abyss.
129375 | Depths:3 | Escaped Pandemonium
129388 | Depths:3 | Learned a level 4 spell: Control Undead
129389 | Pan      | Entered Pandemonium
129718 | Pan      | Reached skill level 19 in Summonings
129823 | Pan      | Found an exit through the horrors of the Abyss.
130336 | Pan      | Identified the Reference Book on Congealing Necromancy
130384 | Pan      | Noticed Bel Lol the pandemonium lord
130410 | Pan      | Killed Bel Lol the pandemonium lord
132364 | Pan      | Killed from afar by a daeva

Skill      XL: |  1  2  3  4  5  6  7  8  9 10 11 12 13 14 15 16 17 18 19 20 21 22 23 24 25 26 27 |
---------------+----------------------------------------------------------------------------------+-----
Conjurations   | 4 5 6 7 8 9 10 11 12 13 14 15 16 17 | 17.7
Dodging        | 3 4 5 6 8 9 10 11 12 13 16 | 16.2
Charms         | 2 4 5 7 8 10 | 10.0
Evocations     | 5 7 9 10 11 12 13 14 15 16 | 16.2
Fighting       | 3 5 7 9 10 11 13 | 13.7
Spellcasting   | 4 6 7 10 11 12 13 14 15 16 18 | 18.0
Shields        | 1 3 5 7 10 13 14 15 | 15.8
Air Magic      | 1 6 7 9 10 | 10.5
Invocations    | 2 4 5 |  5.9
Poison Magic   | 4 9 10 11 | 11.4
Armour         | 5 8 10 | 10.4
Summonings     | 2 4 7 9 11 19 | 19.9
Short Blades   | 5 8 9 |  9.6
Necromancy     | 5 18 | 18.8
Stealth        | 6 |  6.2

Action                   |  1- 3 |  4- 6 |  7- 9 | 10-12 | 13-15 | 16-18 | 19-21 | 22-24 | 25-27 || total
-------------------------+-------+-------+-------+-------+-------+-------+-------+-------+-------++-------
Melee: Unarmed           |    48 |       |       |       |       |       |       |       |       ||    48
       Staff             |       |       |    44 |   129 |       |   167 |    33 |     8 |   226 ||   607
       Whip              |       |       |       |       |    89 |       |       |       |       ||    89
       Pair of quick bla |       |       |       |       |       |       |       |       |  1091 ||  1091
       Trident           |       |       |       |       |       |       |       |       |    66 ||    66
 Fire: Blowgun           |       |       |       |     2 |       |       |       |       |       ||     2
Throw: Stone             |       |       |       |       |       |     1 |       |       |       ||     1
 Cast: Magic Dart        |    71 |    89 |    85 |   308 |    13 |       |       |       |       ||   566
       Searing Ray       |     4 |    17 |    80 |    64 |    29 |    10 |     9 |     3 |       ||   216
       Iskenderun's Batt |       |       |     3 |    71 |   163 |    60 |    14 |     9 |    53 ||   373
       Sting             |       |       |       |   249 |   857 |    27 |     8 |     3 |       ||  1144
       Mephitic Cloud    |       |       |       |       |    31 |     3 |       |       |       ||    34
       Fulminant Prism   |       |       |       |       |    18 |       |       |       |    48 ||    66
       Iskenderun's Myst |       |       |       |       |   103 |   827 |   798 |   704 |   681 ||  3113
       Dazzling Spray    |       |       |       |       |    11 |       |       |     6 |    27 ||    44
       Deflect Missiles  |       |       |       |       |       |     1 |     3 |       |     5 ||     9
       Repel Missiles    |       |       |       |       |       |     1 |       |       |       ||     1
       Poisonous Cloud   |       |       |       |       |       |     2 |    67 |    33 |    11 ||   113
       Animate Dead      |       |       |       |       |       |       |     2 |       |       ||     2
       Summon Lightning  |       |       |       |       |       |       |     2 |     4 |     2 ||     8
       Poison Arrow      |       |       |       |       |       |       |       |   378 |  1598 ||  1976
       Orb of Destructio |       |       |       |       |       |       |       |       |    48 ||    48
       Haste             |       |       |       |       |       |       |       |       |    79 ||    79
       Haunt             |       |       |       |       |       |       |       |       |    73 ||    73
       Monstrous Menager |       |       |       |       |       |       |       |       |    64 ||    64
 Abil: Evoke Flight      |       |       |       |       |       |       |       |       |     3 ||     3
Evoke: Wand              |       |       |       |    14 |     2 |    51 |     4 |    15 |    48 ||   134
       Staff of Olgreb   |       |       |       |     4 |       |    11 |       |       |    18 ||    33
       Phial of floods   |       |       |       |     1 |     3 |     3 |     3 |     2 |    17 ||    29
       Deck              |       |       |       |     5 |     1 |       |       |       |     3 ||     9
       Disc of storms    |       |       |       |       |       |    10 |       |     7 |    10 ||    27
       Crystal ball of e |       |       |       |       |       |     2 |       |     2 |     2 ||     6
       Fan of gales      |       |       |       |       |       |     1 |       |     1 |    10 ||    12
       Staff of energy   |       |       |       |       |       |       |   206 |   550 |  1453 ||  2209
       Box of beasts     |       |       |       |       |       |       |     2 |     4 |     5 ||    11
       Sack of spiders   |       |       |       |       |       |       |     2 |     4 |     5 ||    11
       Rod               |       |       |       |       |       |       |       |       |     6 ||     6
       Horn of Geryon    |       |       |       |       |       |       |       |       |     2 ||     2
  Use: Scroll            |     3 |     2 |    15 |    10 |    20 |    18 |    16 |    23 |    44 ||   151
 Stab: Distracted        |       |       |       |       |     1 |       |       |       |    11 ||    12
       Paralysed         |       |       |       |       |       |    22 |       |     3 |       ||    25
       Held in net/web   |       |       |       |       |       |       |       |       |     1 ||     1
Armor: Robe              |    27 |     7 |    58 |    26 |    77 |    32 |     8 |       |       ||   235
       Steam dragon armo |       |       |     7 |    90 |       |       |       |       |       ||    97
       Fire dragon armou |       |       |       |       |       |    95 |       |       |       ||    95
       Leather armour    |       |       |       |       |       |       |    61 |   193 |   603 ||   857
Dodge: Dodged            |    48 |    47 |   244 |   462 |   380 |   336 |   275 |   528 |  2538 ||  4858
       Deflected         |       |       |       |       |       |     4 |    25 |    50 |    28 ||   107
Block: Buckler           |       |       |       |       |    90 |       |       |       |       ||    90
       Shield            |       |       |       |       |    65 |   352 |   362 |   664 |  1239 ||  2682
       Large shield      |       |       |       |       |       |       |       |       |   719 ||   719
       Reflection        |       |       |       |       |       |       |       |       |    27 ||    27
